TOP OF THE 1ST |
Myrtle Beach Pelicans batting - Pitching for Salem Red Sox : RHP Teruhiko Ushijima
|
Pitching: RHP Teruhiko Ushijima
|
|
Batting: RHB Eric Wiss
|
0-0: Ground out 6-3 (Groundball, 6, EV 105.6 MPH)
|
Batting: RHB David Barnard
|
0-0: Ball 1-0: Foul Ball, location: 2F 1-1: Ball 2-1: Ground out 4-3 (Groundball, 4M, EV 81.2 MPH)
|
Batting: RHB Brad Santanello
|
0-0: DOUBLE (Line Drive, 89D, EV 111.9 MPH)
|
Batting: LHB Kwang-chih Men
|
0-0: Called Strike 0-1: Ground out 4-3 (Groundball, 4, EV 110.6 MPH)
|
Top of the 1st over - 0 runs, 1 hit, 0 errors, 1 left on base; Myrtle Beach 0 - Salem 0 |
BOTTOM OF THE 1ST |
Salem Red Sox batting - Pitching for Myrtle Beach Pelicans : RHP Dustin Buckner
|
Pitching: RHP Dustin Buckner
|
|
Batting: RHB Sal Rivera
|
0-0: Foul Ball, location: 2F 0-1: Swinging Strike 0-2: Ball 1-2: Ball 2-2: Strikes out looking
|
Batting: RHB Andy Garvin
|
0-0: Ball 1-0: Ball 2-0: Called Strike 2-1: DOUBLE (Line Drive, 8LD, EV 108.1 MPH)
|
Batting: LHB Carlos Guerra
|
0-0: Called Strike 0-1: Ball 1-1: Ball 2-1: Foul Ball, location: 2F 2-2: Ball 3-2: Foul Ball, location: 2F 3-2: Ground out 6-3 (Groundball, 6, EV 105.0 MPH)
|
Batting: RHB Dave Burwell
|
0-0: Ball 1-0: Called Strike 1-1: SINGLE (Groundball, 56S, EV 95.0 MPH) Andy Garvin to third Runner from 3rd tries for Home, SAFE, throw by LF to home
|
Batting: RHB Tony Nunez
|
0-0: Ball 1-0: Ball 2-0: SINGLE (Line Drive, 34D, EV 98.1 MPH) Dave Burwell to second Runner from 2nd tries for 3rd, OUT! 9-5
|
Bottom of the 1st over - 1 run, 3 hits, 0 errors, 1 left on base; Myrtle Beach 0 - Salem 1 |
TOP OF THE 2ND |
Myrtle Beach Pelicans batting - Pitching for Salem Red Sox : RHP Teruhiko Ushijima
|
Batting: RHB Ricardo Aguinaga
|
0-0: Ball 1-0: Ground out 6-3 (Groundball, 6, EV 105.6 MPH)
|
Batting: LHB Wing-tat Tai
|
0-0: SINGLE (Line Drive, 3D, EV 107.5 MPH)
|
Batting: LHB Mark Huey
|
0-0: Called Strike 0-1: Ball 1-1: Foul Ball, location: 2F 1-2: Ball 2-2: Foul Ball, location: 2F 2-2: Foul Ball, location: 2F 2-2: Fly out, F8 (Flyball, 8RS, EV 88.1 MPH)
|
Batting: RHB Andy Huntley
|
0-0: Called Strike 0-1: Foul Ball, location: 2F 0-2: Ground out 4-3 (Groundball, 34, EV 102.5 MPH)
|
Top of the 2nd over - 0 runs, 1 hit, 0 errors, 1 left on base; Myrtle Beach 0 - Salem 1 |
BOTTOM OF THE 2ND |
Salem Red Sox batting - Pitching for Myrtle Beach Pelicans : RHP Dustin Buckner
|
Batting: SHB Salvador Padilla
|
0-0: Ball 1-0: Ball 2-0: SINGLE (Groundball, 56D, EV 105.6 MPH)
|
Batting: RHB Roger Mitchell
|
0-0: Ball 1-0: Foul Ball, location: 2F 1-1: Swinging Strike 1-2: Ball 2-2: Strikes out looking
|
Batting: RHB Willie Camacho
|
0-0: Grounds into double play, 5-4-3 (Groundball, 56, EV 105.0 MPH)
|
Bottom of the 2nd over - 0 runs, 1 hit, 0 errors, 0 left on base; Myrtle Beach 0 - Salem 1 |
TOP OF THE 3RD |
Myrtle Beach Pelicans batting - Pitching for Salem Red Sox : RHP Teruhiko Ushijima
|
Batting: RHB Denis Rachin
|
0-0: Ball 1-0: Foul Ball, location: 2F 1-1: Ball 2-1: Ball 3-1: Foul Ball, location: 2F 3-2: Strikes out swinging
|
Batting: RHB Eric Wiss
|
0-0: Ball 1-0: Called Strike 1-1: Ball 2-1: Ball 3-1: Called Strike 3-2: Foul Ball, location: 2F 3-2: SINGLE (Groundball, 6MD, EV 98.8 MPH)
|
Batting: RHB David Barnard
|
0-0: Called Strike Eric Wiss steals 2nd base 0-1: Foul Ball, location: 2F 0-2: DOUBLE (Line Drive, 7LS, EV 96.9 MPH) Eric Wiss scores
|
Batting: RHB Brad Santanello
|
0-0: Ground out 5-3 (Groundball, 56, EV 111.9 MPH)
|
Batting: LHB Kwang-chih Men
|
0-0: Ball 1-0: Ball 2-0: Called Strike 2-1: Foul Ball, location: 2F 2-2: Foul Ball, location: 2F 2-2: Fly out, F9 (Flyball, 9D, EV 94.4 MPH)
|
Top of the 3rd over - 1 run, 2 hits, 0 errors, 1 left on base; Myrtle Beach 1 - Salem 1 |
BOTTOM OF THE 3RD |
Salem Red Sox batting - Pitching for Myrtle Beach Pelicans : RHP Dustin Buckner
|
Batting: RHB Mo Tsang
|
0-0: Ground out 3-1 (Groundball, 34S, EV 86.2 MPH)
|
Batting: RHB Sal Rivera
|
0-0: Ball 1-0: Ball 2-0: Ball 3-0: Called Strike 3-1: Base on Balls
|
Batting: RHB Andy Garvin
|
0-0: Ball 1-0: Fly out, F8 (Flyball, 8LD, EV 96.9 MPH)
|
Batting: LHB Carlos Guerra
|
0-0: Called Strike 0-1: Ball Sal Rivera steals 2nd base 1-1: Foul Ball, location: 2F 1-2: Ball 2-2: Ball 3-2: Foul Ball, location: 2F 3-2: DOUBLE (Line Drive, 9LM, EV 101.9 MPH) Sal Rivera scores
|
Batting: RHB Dave Burwell
|
0-0: Called Strike 0-1: Ball 1-1: Reached on error, E5 (Groundball, 5, EV 84.4 MPH) Carlos Guerra to third
|
Batting: RHB Tony Nunez
|
0-0: Ball 1-0: Called Strike Balk! Carlos Guerra scores Dave Burwell to second 1-1: Foul Ball, location: 2F 1-2: Strikes out swinging
|
Bottom of the 3rd over - 2 runs, 1 hit, 1 error, 1 left on base; Myrtle Beach 1 - Salem 3 |
TOP OF THE 4TH |
Myrtle Beach Pelicans batting - Pitching for Salem Red Sox : RHP Teruhiko Ushijima
|
Batting: RHB Ricardo Aguinaga
|
0-0: Called Strike 0-1: Called Strike 0-2: Strikes out swinging
|
Batting: LHB Wing-tat Tai
|
0-0: Ball 1-0: Foul Ball, location: 2F 1-1: Fly out, F4 (Line Drive, 4, EV 67.5 MPH)
|
Batting: LHB Mark Huey
|
0-0: Foul Ball, location: 2F 0-1: Ball 1-1: Foul Ball, location: 2F 1-2: Ball 2-2: Ground out 5-3 (Groundball, 56, EV 84.4 MPH)
|
Top of the 4th over - 0 runs, 0 hits, 0 errors, 0 left on base; Myrtle Beach 1 - Salem 3 |
BOTTOM OF THE 4TH |
Salem Red Sox batting - Pitching for Myrtle Beach Pelicans : RHP Dustin Buckner
|
Batting: SHB Salvador Padilla
|
0-0: Ball 1-0: Foul Ball, location: 2F 1-1: Foul Ball, location: 2F 1-2: Ball 2-2: Foul Ball, location: 2F 2-2: Ball 3-2: Ground out 4-3 (Groundball, 4, EV 109.4 MPH)
|
Batting: RHB Roger Mitchell
|
0-0: Called Strike 0-1: Ball 1-1: Foul Ball, location: 2F 1-2: Ball 2-2: Ball 3-2: Base on Balls
|
Batting: RHB Willie Camacho
|
0-0: Called Strike Roger Mitchell steals 2nd, throwing error, E2 Roger Mitchell to third 0-1: Swinging Strike 0-2: Strikes out swinging
|
Batting: RHB Mo Tsang
|
0-0: Called Strike 0-1: Swinging Strike 0-2: Strikes out swinging
|
Bottom of the 4th over - 0 runs, 0 hits, 1 error, 1 left on base; Myrtle Beach 1 - Salem 3 |
TOP OF THE 5TH |
Myrtle Beach Pelicans batting - Pitching for Salem Red Sox : RHP Teruhiko Ushijima
|
Batting: RHB Andy Huntley
|
0-0: SINGLE (Groundball, 4MD, EV 96.9 MPH)
|
Batting: RHB Denis Rachin
|
0-0: Ball 1-0: SINGLE (Groundball, 6MD, EV 98.8 MPH) Andy Huntley to second Andy Huntley to third
|
Batting: RHB Eric Wiss
|
0-0: Called Strike 0-1: Ball 1-1: DOUBLE (Line Drive, 89D, EV 115.0 MPH) Andy Huntley scores Denis Rachin to third
|
Batting: RHB David Barnard
|
0-0: Ball 1-0: Ground out U3 (Groundball, 3, EV 83.1 MPH)
|
Batting: RHB Brad Santanello
|
0-0: Ball 1-0: Swinging Strike 1-1: Ball 2-1: Fly out, F8 (Flyball, 89S, EV 89.4 MPH)
|
Batting: LHB Kwang-chih Men
|
0-0: Ball 1-0: Foul Ball, location: 2F 1-1: Ball 2-1: Foul Ball, location: 2F 2-2: Ball 3-2: Fly out, F9 (Flyball, 9, EV 90.6 MPH)
|
Top of the 5th over - 1 run, 3 hits, 0 errors, 2 left on base; Myrtle Beach 2 - Salem 3 |
BOTTOM OF THE 5TH |
Salem Red Sox batting - Pitching for Myrtle Beach Pelicans : RHP Dustin Buckner
|
Batting: RHB Sal Rivera
|
0-0: Foul Ball, location: 2F 0-1: Swinging Strike 0-2: DOUBLE (Flyball, 8LXD, EV 111.2 MPH)
|
Pitching: RHP Carlos Zavala
|
|
Batting: RHB Andy Garvin
|
0-0: Ground out 5-3 (Groundball, 56, EV 83.1 MPH)
|
Batting: LHB Carlos Guerra
|
0-0: Foul Ball, location: 2F 0-1: Ball 1-1: Fly out, F9 (Line Drive, 9D, EV 91.9 MPH)
|
Batting: RHB Dave Burwell
|
0-0: Called Strike 0-1: Ball 1-1: Called Strike 1-2: Strikes out swinging
|
Bottom of the 5th over - 0 runs, 1 hit, 0 errors, 1 left on base; Myrtle Beach 2 - Salem 3 |
TOP OF THE 6TH |
Myrtle Beach Pelicans batting - Pitching for Salem Red Sox : RHP Teruhiko Ushijima
|
Pitching: LHP Jon Convery
|
|
Batting: RHB Ricardo Aguinaga
|
0-0: Swinging Strike 0-1: Ball 1-1: Swinging Strike 1-2: Ball 2-2: Strikes out swinging
|
Pinch Hitting: RHB Han-seung Hah
|
0-0: Ball 1-0: Swinging Strike 1-1: Ball 2-1: Swinging Strike 2-2: Ball 3-2: Strikes out swinging
|
Pinch Hitting: RHB Jonathan Sotelo
|
0-0: Called Strike 0-1: Ball 1-1: Ball 2-1: Ball 3-1: Ground out 6-3 (Groundball, 6, EV 79.4 MPH)
|
Top of the 6th over - 0 runs, 0 hits, 0 errors, 0 left on base; Myrtle Beach 2 - Salem 3 |
BOTTOM OF THE 6TH |
Salem Red Sox batting - Pitching for Myrtle Beach Pelicans : RHP Carlos Zavala
|
Now at SS: Adam Conover
|
|
Now in LF: Jonathan Sotelo
|
|
Batting: RHB Tony Nunez
|
0-0: Called Strike 0-1: Ball 1-1: Ball 2-1: Foul Ball, location: 2F 2-2: Foul Ball, location: 2F 2-2: Strikes out looking
|
Batting: SHB Salvador Padilla
|
0-0: Fly out, F8 (Line Drive, 8LM, EV 89.4 MPH)
|
Batting: RHB Roger Mitchell
|
0-0: Called Strike 0-1: Ball 1-1: SINGLE (Groundball, 6MD, EV 96.2 MPH)
|
Batting: RHB Willie Camacho
|
0-0: Ball 1-0: Ball 2-0: Foul Ball, location: 2F 2-1: Foul Ball, location: 2F 2-2: Strikes out swinging
|
Bottom of the 6th over - 0 runs, 1 hit, 0 errors, 1 left on base; Myrtle Beach 2 - Salem 3 |
TOP OF THE 7TH |
Myrtle Beach Pelicans batting - Pitching for Salem Red Sox : LHP Jon Convery
|
Batting: RHB Andy Huntley
|
0-0: Ball 1-0: Foul Ball, location: 2F 1-1: Foul Ball, location: 2F 1-2: Strikes out looking
|
Batting: RHB Denis Rachin
|
0-0: Ball 1-0: Foul Ball, location: 2F 1-1: Called Strike 1-2: Ground out 6-3 (Groundball, 6S, EV 61.9 MPH)
|
Batting: RHB Eric Wiss
|
0-0: Called Strike 0-1: Swinging Strike 0-2: Ball 1-2: Ball 2-2: Strikes out swinging
|
Top of the 7th over - 0 runs, 0 hits, 0 errors, 0 left on base; Myrtle Beach 2 - Salem 3 |
BOTTOM OF THE 7TH |
Salem Red Sox batting - Pitching for Myrtle Beach Pelicans : RHP Carlos Zavala
|
Batting: RHB Mo Tsang
|
0-0: Called Strike 0-1: Foul Ball, location: 2F 0-2: Ball 1-2: Strikes out swinging
|
Pitching: LHP Alex Gandarilla
|
|
Batting: RHB Sal Rivera
|
0-0: Ball 1-0: Ball 2-0: Ball 3-0: Base on Balls
|
Batting: RHB Andy Garvin
|
0-0: Called Strike Sal Rivera steals 2nd base 0-1: Foul Ball, location: 2F 0-2: Strikes out looking
|
Batting: LHB Carlos Guerra
|
0-0: Called Strike 0-1: Ball Wild Pitch! Sal Rivera to third 1-1: Called Strike 1-2: Fly out, F8 (Flyball, 8LXD, EV 101.2 MPH)
|
Bottom of the 7th over - 0 runs, 0 hits, 0 errors, 1 left on base; Myrtle Beach 2 - Salem 3 |
TOP OF THE 8TH |
Myrtle Beach Pelicans batting - Pitching for Salem Red Sox : LHP Jon Convery
|
Batting: RHB David Barnard
|
0-0: Ball 1-0: Called Strike 1-1: Called Strike 1-2: Ball 2-2: Ball 3-2: Strikes out looking
|
Batting: RHB Brad Santanello
|
0-0: Called Strike 0-1: Ball 1-1: SOLO HOME RUN (Flyball, 7D, EV 107.5 MPH), Distance : 391 ft
|
Batting: LHB Kwang-chih Men
|
0-0: Foul Ball, location: 2F 0-1: Ball 1-1: Foul Ball, location: 2F 1-2: Ball 2-2: Fly out, F8 (Flyball, 8LD, EV 99.4 MPH)
|
Batting: RHB Ricardo Aguinaga
|
0-0: Called Strike 0-1: Ball 1-1: Swinging Strike 1-2: Ball 2-2: Strikes out swinging
|
Top of the 8th over - 1 run, 1 hit, 0 errors, 0 left on base; Myrtle Beach 3 - Salem 3 |
BOTTOM OF THE 8TH |
Salem Red Sox batting - Pitching for Myrtle Beach Pelicans : LHP Alex Gandarilla
|
Batting: RHB Dave Burwell
|
0-0: Ball 1-0: Ball 2-0: Foul Ball, location: 2F 2-1: Foul Ball, location: 2F 2-2: Ball 3-2: Strikes out swinging
|
Batting: RHB Tony Nunez
|
0-0: Called Strike 0-1: DOUBLE (Flyball, 8LD, EV 98.1 MPH)
|
Batting: SHB Salvador Padilla
|
0-0: Intentional Walk
|
Batting: RHB Roger Mitchell
|
0-0: Called Strike Tony Nunez steals 3rd base 0-1: Ball 1-1: Fly out, F9 (Flyball, 9, EV 90.6 MPH) Runner from 3rd tags up, SCORES, throw by RF
|
Pinch Runner at 1st Rogelio Cervantes:
|
|
Batting: RHB Willie Camacho
|
0-0: Ball 1-0: Ball Rogelio Cervantes steals 2nd base 2-0: Called Strike 2-1: Foul Ball, location: 2F 2-2: Strikes out swinging
|
Bottom of the 8th over - 1 run, 1 hit, 0 errors, 1 left on base; Myrtle Beach 3 - Salem 4 |
TOP OF THE 9TH |
Myrtle Beach Pelicans batting - Pitching for Salem Red Sox : LHP Jon Convery
|
Pitching: RHP Roberto Morales
|
|
Now at 1B: Aaron Brannon
|
|
Batting: LHB Adam Conover
|
0-0: SINGLE (Groundball, 34D, EV 94.4 MPH)
|
Batting: RHB Jonathan Sotelo
|
0-0: Swinging Strike 0-1: Called Strike 0-2: Strikes out swinging
|
Batting: RHB Andy Huntley
|
0-0: Called Strike Balk! Adam Conover to second 0-1: Ball 1-1: Ball 2-1: Foul Ball, location: 2F 2-2: Foul Ball, location: 2F 2-2: Ground out 1-3 (Groundball, P, EV 68.1 MPH) Adam Conover to third
|
Pinch Hitting: LHB Emir Jalil
|
0-0: Foul Ball, location: 2F 0-1: Ball 1-1: SINGLE (Groundball, 56S, EV 70.0 MPH) (infield hit) Adam Conover scores
|
Batting: RHB Eric Wiss
|
0-0: Ball 1-0: Called Strike 1-1: Ball 2-1: Foul Ball, location: 2F 2-2: Ball 3-2: Foul Ball, location: 2F 3-2: Strikes out swinging
|
Top of the 9th over - 1 run, 2 hits, 0 errors, 1 left on base; Myrtle Beach 4 - Salem 4 |
BOTTOM OF THE 9TH |
Salem Red Sox batting - Pitching for Myrtle Beach Pelicans : LHP Alex Gandarilla
|
Pitching: RHP Trevor Woodbury
|
|
Now at C: Gabriel Cruz
|
|
Batting: RHB Mo Tsang
|
0-0: Called Strike 0-1: Swinging Strike 0-2: Ball 1-2: Ball 2-2: Strikes out swinging
|
Batting: RHB Sal Rivera
|
0-0: Called Strike 0-1: Ball 1-1: Foul Ball, location: 2F 1-2: Ground out 4-3 (Groundball, 4M, EV 80.6 MPH)
|
Batting: RHB Andy Garvin
|
0-0: Ball 1-0: Called Strike 1-1: Ball 2-1: Ball 3-1: Foul Ball, location: 2F 3-2: Foul Ball, location: 2F 3-2: Foul Ball, location: 2F 3-2: SINGLE (Line Drive, 6D, EV 95.6 MPH)
|
Batting: LHB Carlos Guerra
|
0-0: Called Strike 0-1: Foul Ball, location: 2F 0-2: Strikes out swinging
|
Bottom of the 9th over - 0 runs, 1 hit, 0 errors, 1 left on base; Myrtle Beach 4 - Salem 4 |
TOP OF THE 10TH |
Myrtle Beach Pelicans batting - Pitching for Salem Red Sox : RHP Roberto Morales
|
Batting: RHB David Barnard
|
0-0: Called Strike 0-1: Called Strike 0-2: Foul Ball, location: 2F 0-2: Ball 1-2: Strikes out swinging
|
Batting: RHB Brad Santanello
|
0-0: Ball 1-0: Fly out, F5 (Line Drive, 5, EV 66.9 MPH)
|
Batting: LHB Kwang-chih Men
|
0-0: Swinging Strike 0-1: Ball 1-1: SINGLE (Groundball, 34D, EV 97.5 MPH)
|
Batting: RHB Ricardo Aguinaga
|
0-0: Called Strike 0-1: Called Strike 0-2: Foul Ball, location: 2F Balk! Kwang-chih Men to second 0-2: Ball 1-2: Strikes out looking
|
Top of the 10th over - 0 runs, 1 hit, 0 errors, 1 left on base; Myrtle Beach 4 - Salem 4 |
BOTTOM OF THE 10TH |
Salem Red Sox batting - Pitching for Myrtle Beach Pelicans : RHP Trevor Woodbury
|
Batting: RHB Dave Burwell
|
0-0: Called Strike 0-1: Foul Ball, location: 2F 0-2: Foul Ball, location: 2F 0-2: Ball 1-2: Strikes out swinging
|
Batting: RHB Tony Nunez
|
0-0: Ball 1-0: Called Strike 1-1: SOLO HOME RUN (Flyball, 78XD, EV 103.1 MPH), Distance : 411 ft
|
Bottom of the 10th over - 1 run, 1 hit, 0 errors, 0 left on base; Myrtle Beach 4 - Salem 5 |
|